 Dungeon Crawl Stone Soup version 0.27-a0-1144-g0b7d3b79db (webtiles) character file.

Game seed: 7368512603987957019

749 Kuinu the Sneak (level 8, 0/49 HPs)
             Began as a Kobold Brigand on May 7, 2021.
             Was an Initiate of Dithmenos.
             Succumbed to a water moccasin's poison
             ... on level 5 of the Dungeon on May 10, 2021.
             The game lasted 00:10:26 (5428 turns).

Kuinu the Sneak (Kobold Brigand)                    Turns: 5428, Time: 00:10:27

Health: 0/49       AC:  5    Str:  8    XL:     8   Next: 6%
Magic:  8/8        EV: 16    Int: 12    God:    Dithmenos [......]
Gold:   260        SH:  0    Dex: 19    Spells: 7/7 levels left

rFire    + . .     SeeInvis .   a - +3 dagger (vorpal)
rCold    + . .     Faith    .   (shield restricted)
rNeg     . . .     Spirit   .   p - +0 leather armour
rPois    +         Reflect  .   (no helmet)
rElec    +         Harm     .   c - +1 cloak
rCorr    +         Rampage  .   (no gloves)
Will     .....                  (no boots)
Stlth    ++++......             (no amulet)
HPRegen  0.16/turn              i - ring of poison resistance
MPRegen  0.11/turn              (no ring)

@: brilliant, lethally poisoned (0 -> -6), resistant
A: small, no large weapons, nightstalker 3
a: Renounce Religion


You were on level 5 of the Dungeon.
You worshipped Dithmenos.
Dithmenos was noncommittal.
You visited 2 branches of the dungeon, and saw 6 of its levels.

You collected 260 gold pieces.

Inventory:

Hand Weapons
 a - a +3 vorpal dagger (weapon)
 s - a +2 vorpal long sword
Missiles
 d - 22 poisoned darts (quivered)
 e - a curare-tipped dart
Armour
 b - a +0 robe
 c - a +1 cloak (worn)
 p - a +0 leather armour (worn)
Jewellery
 i - a ring of poison resistance (left hand)
 l - a ring of wizardry
Wands
 k - a wand of iceblast (7)
Scrolls
 f - a scroll of magic mapping
 j - 3 scrolls of identify
Potions
 m - a potion of flight


   Skills:
 * Level 5.0 Fighting
 * Level 6.0 Short Blades
 - Level 2.1 Throwing
 + Level 2.1 Armour
 * Level 4.9 Dodging
 + Level 6.7 Stealth


You had 7 spell levels left.
You didn't know any spells.
Your spell library contained the following spells:

 Spells                   Type           Power      Damage    Failure   Level
 Foxfire                  Conj/Fire      0%         2x1d4     43%         1
 Magic Dart               Conj           0%         1d3       43%         1
 Searing Ray              Conj           0%         3d3       56%         2
 Conjure Flame            Conj/Fire      0%         6-21      80%         3
 Dazzling Flash           Conj/Hex       0%         N/A       80%         3
 Inner Flame              Hex/Fire       0%         N/A       80%         3
 Fulminant Prism          Conj/Hex       0%         3d6       99%         4
 Iskenderun's Mystic Bla  Conj/Tloc      0%         2d3       99%         4
 Sticky Flame             Conj/Fire      0%         2d3       99%         4
 Fireball                 Conj/Fire      0%         3d3       100%        5


Dungeon Overview and Level Annotations

Branches:
Dungeon (5/15)             Temple (1/1) D:4

Altars:
Ashenzari
Dithmenos
Elyvilon
Fedhas
Gozag
Hepliaklqana
Kikubaaqudgha
Makhleb
Nemelex Xobeh
Okawaru
Qazlal
Ru
Sif Muna
Trog
Uskayaw
Vehumet
Wu Jian
Xom
Yredelemnul
Zin
The Shining One


Innate Abilities, Weirdness & Mutations

You are small and have problems with some larger weapons.
You are completely attuned to the shadows.


Message History

You closely miss the water moccasin.
The water moccasin is heavily wounded.
The water moccasin closely misses you.
You closely miss the water moccasin.
The water moccasin is heavily wounded.
The water moccasin barely misses you.
You hit the water moccasin but do no damage.
The water moccasin is heavily wounded.
The water moccasin bites you!
You hit the water moccasin.
The water moccasin is severely wounded.
The water moccasin barely misses you.
You hit the water moccasin but do no damage.
The water moccasin is severely wounded.
The water moccasin bites you.
You hit the water moccasin.
The water moccasin is severely wounded.
The water moccasin bites you. The water moccasin bites you.
There is an open door here.
As you read the scroll of teleportation, it crumbles to dust.
You feel strangely unstable. The water moccasin closely misses you.
The water moccasin bites you.
* * * LOW HITPOINT WARNING * * *
You are lethally poisoned!
The water moccasin poisons you!
* * * LOW HITPOINT WARNING * * *
You feel very sick.
Your surroundings suddenly seem different.
* * * LOW HITPOINT WARNING * * *
You feel very sick.
You feel protected.
* * * LOW HITPOINT WARNING * * *
You feel very sick.
Okay, then.
Okay, then.
You feel clever all of a sudden.
* * * LOW HITPOINT WARNING * * *
You feel sick.
You die...

...............#.......
....###..(##...........
..... ###..#♣...P......
##.. .....#...≈≈.♣♣....
.....P♣..≈♣≈≈..P.
....P..≈≈≈≈≈≈≈..
....P..≈≈≈≈♣≈...
......≈♣≈≈..♣ ..≈♣P@..#
......P## ..######


There were no monsters in sight!

Vanquished Creatures
  Sigmund (D:2)
  2 ogres
  A sky beast (D:4)
  Crazy Yiuf (D:2)
  A gnoll shaman (D:4)
  A hound (D:5)
  A bullfrog skeleton (D:5)
  A centaur skeleton (D:5)
  An iguana (D:4)
  3 gnolls
  4 adders
  A white imp (D:3)
  2 adder skeletons
  2 worms
  5 dart slugs
  3 orcs
  7 bats
  4 endoplasms
  4 giant cockroaches
  8 goblins
  11 hobgoblins
  4 jackals
  7 kobolds
  2 quokkas
  4 ball pythons
  7 frilled lizards
  4 rats
92 creatures vanquished.

Notes
Turn   | Place    | Note
-------+----------+-------------------------------------------
     0 | D:1      | Kuinu the Kobold Brigand began the quest for the Orb.
     0 | D:1      | Reached XP level 1. HP: 12/12 MP: 1/1
   234 | D:1      | Reached XP level 2. HP: 18/18 MP: 2/2
   427 | D:1      | Reached XP level 3. HP: 22/22 MP: 3/3
   537 | D:1      | Found a faded altar of an unknown god.
  1470 | D:2      | Noticed Sigmund
  1506 | D:2      | Killed Sigmund
  1507 | D:2      | Reached skill level 1 in Armour
  1507 | D:2      | Reached XP level 4. HP: 5/28 MP: 4/4
  1507 | D:2      | Reached XP level 5. HP: 6/32 MP: 5/5
  1892 | D:2      | Reached XP level 6. HP: 38/38 MP: 6/6
  2351 | D:2      | Found a runed translucent door.
  2354 | D:2      | Noticed Crazy Yiuf
  2362 | D:2      | Killed Crazy Yiuf
  2600 | D:3      | Found a blossoming altar of Fedhas.
  2659 | D:3      | Found an iron altar of Okawaru.
  2659 | D:3      | Found a shimmering blue altar of Sif Muna.
  2659 | D:3      | Found an opulent altar of Gozag.
  2721 | D:3      | Noticed an ogre
  2729 | D:3      | Killed an ogre
  2730 | D:3      | Reached skill level 5 in Short Blades
  3126 | D:3      | Found a hazy altar of Hepliaklqana.
  3518 | D:3      | Upgraded the game from 0.27-a0-1139-g28e009f8a6 to
                  | 0.27-a0-1144-g0b7d3b79db
  3636 | D:4      | Reached XP level 7. HP: 43/43 MP: 7/7
  3646 | D:4      | Found a staircase to the Ecumenical Temple.
  3652 | Temple   | Entered the Ecumenical Temple
  3714 | Temple   | Became a worshipper of Dithmenos the Shadowed
  4332 | D:5      | Entered Level 5 of the Dungeon
  5334 | D:5      | Reached skill level 5 in Fighting
  5334 | D:5      | Reached XP level 8. HP: 49/49 MP: 8/8
  5393 | D:5      | Found a blossoming altar of Fedhas.
  5427 | D:5      | HP: 1/49 [poisoned by a water moccasin]
  5428 | D:5      | Succumbed to a water moccasin's poison

Illustrated notes

Levels and vault maps discovered:
D:1:      nicolae_arrival_memento_mori, layout_loops_ring,
          ebering_ecumenical_altar_abandoned, st_stairs_13, serial_bayou_ford_a
D:2:      layout_basic, minmay_joined_circles, uniq_sigmund,
          uniq_crazy_yiuf_cottage
D:3:      layout_basic, gammafunk_temple_overflow_forgotten, fedhas_altar_1,
          overflow_temple_1_default
D:4:      layout_rooms, minmay_temple_entry_arrows
D:5:      layout_cave_pools, serial_bayou_pond_a, kennysheep_small_circle
Temple:   kb_temple_of_zot

Skill      XL: |  1  2  3  4  5  6  7 |
---------------+----------------------+-----
Short Blades   | 3 4 5 6 |  6.0
Dodging        | 3 4 |  4.9
Fighting       | 3 4 5 |  5.0
Armour         | 1 2 |  2.1
Stealth        | 6 |  6.7
Throwing       | |  2.1

Action                   |  1- 3 |  4- 6 |  7- 9 || total
-------------------------+-------+-------+-------++-------
Melee: Dagger            |   100 |   125 |   156 ||   381
Throw: Dart              |     9 |     4 |       ||    13
  Use: Scroll            |     4 |     8 |     4 ||    16
       Potion            |       |       |     5 ||     5
 Stab: Sleeping          |    15 |    13 |     7 ||    35
       Distracted        |       |       |     1 ||     1
Armor: Robe              |    18 |     5 |       ||    23
       Leather armour    |       |     8 |    17 ||    25
Dodge: Dodged            |    47 |    49 |   103 ||   199

Table legend: (Time is in decaauts)
 A = Elapsed time spent in this place.
 B = Non-inter-level travel time spent in this place.
 C = Inter-level travel time spent in this place.
 D = Time resting spent in this place.
 E = Time spent auto-exploring this place.
 F = Levels seen in this place.
 G = Mean time per level.
                   A        B        C        D        E       F      G
               +--------+--------+--------+--------+--------+-----+--------+
         Total |   5359 |   5225 |    134 |    650 |   3802 |   6 |  893.2 |
       Dungeon |   5182 |   5070 |    112 |    650 |   3654 |   5 | 1036.4 |
        Temple |    177 |    155 |     22 |      0 |    148 |   1 |  177.0 |
               +--------+--------+--------+--------+--------+-----+--------+

Top non-repeatable levels by time:
     D:2: 1610 daAuts
     D:4: 1083 daAuts
     D:3: 967 daAuts
     D:1: 962 daAuts
     D:5: 558 daAuts
  Temple: 177 daAuts
